 Dungeon Crawl Stone Soup version 0.29-a0-234-g0dae59b3db (webtiles) character file.

Game seed: 13124846069143833706

167 Aksej the Skirmisher (level 5, -1/39 (42) HPs)
             Began as a Demonspawn Monk on Mar 2, 2022.
             Slain by an orc priest
             ... wielding a +4 dagger of draining
              (4 damage)
             ... on level 3 of the Dungeon.
             The game lasted 00:04:29 (3759 turns).

Aksej the Skirmisher (Demonspawn Monk)              Turns: 3759, Time: 00:04:30

HP:   -1/39 (42)    AC:  5    Str: 13    XL:     5   Next: 23%
MP:   5/5           EV: 17    Int: 11    God:
Gold: 71            SH:  0    Dex: 16    Spells: 4/4 levels left

rFire   . . .      SeeInvis .   a - +0 mace
rCold   . . .      Faith    .   (no shield)
rNeg    . . .      Spirit   .   b - +0 robe
rPois   .          Reflect  .   f - +2 hat
rElec   .          Harm     .   (no cloak)
rCorr   .          Rampage  .   d - +0 pair of gloves
Will    .....                   (no boots)
Stlth   +.........              (no amulet)
HPRegen 0.13/turn               m - +4 ring of evasion
MPRegen 0.18/turn               (no ring)

@: confused, drained
A: horns 1, magic regeneration
a: no special abilities


You were on level 3 of the Dungeon.
You visited 1 branch of the dungeon, and saw 3 of its levels.

You collected 71 gold pieces.

Inventory:

Hand Weapons
 a - a +0 mace (weapon)
Missiles
 h - 2 javelins (quivered)
 k - 2 boomerangs
Armour
 b - a +0 robe (worn)
 d - a +0 pair of gloves (worn)
 f - a +2 hat (worn)
Jewellery
 m - a +4 ring of evasion (left hand)
Wands
 j - a wand of acid (8)
Scrolls
 g - a scroll of enchant armour {unknown}
 i - a scroll of enchant weapon
 n - a scroll of identify
Potions
 c - a potion of mutation {unknown}
 l - a potion of attraction {unknown}


   Skills:
 * Level 4.1 Fighting
 + Level 3.8 Maces & Flails
 + Level 3.4 Dodging
 + Level 2.6 Stealth


You had 4 spell levels left.
You didn't know any spells.
Your spell library was empty.

Dungeon Overview and Level Annotations

Branches:
Dungeon (3/15)

Altars:

Shops:
D:3 *


Innate Abilities, Weirdness & Mutations

You have a pair of small horns on your head.
You regenerate magic rapidly.


Message History

You barely miss Jessica.
The orc priest shouts!
You headbutt Jessica.
Jessica is moderately wounded.
Jessica grins evilly.
Jessica hits you but does no damage.
You hit Jessica.
Jessica is almost dead.
Jessica hits you but does no damage.
The orc shouts!
You sock Jessica!
You kill Jessica!
Your life force feels restored.
The orc wizard shouts!
The orc priest mumbles some strange prayers to Beogh against you.
Beogh smites you!
Things that are here:
a +0 dagger; a +0 robe; the human corpse of Jessica The orc priest hits you but does no damage.
You feel drained.
You hit the orc priest but do no damage.
The orc wizard gestures wildly while chanting.
The orc wizard flickers and vanishes!
Deactivating autopickup; reactivate with Ctrl-A.
You barely miss the orc priest.
You hear some strange, mumbled words.
Something tries to affect you, but you resist.
The orc priest hits you with a +4 dagger of draining.
You feel drained. The orc barely misses you.
You hit the orc priest but do no damage.
The orc completely misses you.
The orc priest invokes the aid of Beogh against you.
Beogh smites you!
* * * LOW HITPOINT WARNING * * *
You hear some strange, mumbled words.
You are confused.
You closely miss the orc priest. You headbutt the orc priest.
The orc priest is lightly wounded.
The orc priest hits you with a +4 dagger of draining.
You die...

#.# .. #.##.. . ... ##
##.#...#. .... #.#
.#...#...... ......###.#
........... ...........#
#...#..#.##....#.......
.##..{..........#.####.#
.......o...##...#.# #..
##.#o@#...#...#.# #.#
#.....).......#.# #.#
........#...#.###.# ##.#
#.#...#.##.##.# #.###...
# ##.##.......# #.......
......#####.# #####..#
#....#######(#######...
#.## #...............
##############.#


You could see an orc priest and an orc.

Vanquished Creatures
  An orc priest (D:2)
  Jessica (D:3)
  An orc wizard (D:2)
  2 adders (D:3)
  A dart slug (D:1)
  3 orcs
  5 bats
  5 endoplasms
  3 giant cockroaches
  3 goblins
  9 hobgoblins
  8 jackals
  5 ball pythons (D:2)
  7 frilled lizards
  4 kobolds
  4 rats
62 creatures vanquished.

Notes
Turn   | Place    | Note
-------+----------+-------------------------------------------
     0 | D:1      | Aksej the Demonspawn Monk began the quest for the Orb.
     0 | D:1      | Reached XP level 1. HP: 18/18 MP: 1/1
   333 | D:1      | Gained mutation: You regenerate magic rapidly. [demonic
                  | ancestry]
   333 | D:1      | Reached XP level 2. HP: 23/24 MP: 2/2
  1013 | D:2      | Reached XP level 3. HP: 13/30 MP: 3/3
  1033 | D:2      | Gained mutation: You have a pair of small horns on your
                  | head. [demonic ancestry]
  1033 | D:2      | Reached XP level 4. HP: 4/37 MP: 4/4
  2649 | D:3      | Reached skill level 4 in Fighting
  3027 | D:3      | Reached XP level 5. HP: 26/42 MP: 5/5
  3261 | D:3      | Found Zeorchogu's General Store.
  3353 | D:3      | Noticed Jessica
  3753 | D:3      | Killed Jessica
  3759 | D:3      | Slain by an orc priest

Illustrated notes

Levels and vault maps discovered:
D:1:      dpeg_arrival_arbitrary_c, layout_loops_ring, minmay_lizard_pond
D:2:      layout_basic
D:3:      cheibrodos_pilgrimage, layout_basic, serial_shops,
          nicolae_shop_behind_doors, hangedman_decor_clover_reticule,
          chequers_arboretum, st_stairs_1,
          nicolae_concentric_dashed_squares_wild, kennysheep_generic_room_3,
          uniq_jessica

Skill      XL: |  1  2  3  4 |
---------------+-------------+-----
Maces & Flails | 3 |  3.8
Dodging        | 3 |  3.4
Stealth        | 2 |  2.6
Fighting       | 4 |  4.1

Action                   |  1- 3 |  4- 6 || total
-------------------------+-------+-------++-------
Melee: Mace              |   100 |   128 ||   228
       Headbutt          |       |    21 ||    21
  Use: Potion            |     3 |       ||     3
       Scroll            |     2 |     3 ||     5
 Stab: Sleeping          |     2 |     8 ||    10
Armor: Robe              |    25 |    47 ||    72
Dodge: Dodged            |    85 |   129 ||   214

Table legend: (Time is in decaauts)
 A = Elapsed time spent in this place.
 B = Non-inter-level travel time spent in this place.
 C = Inter-level travel time spent in this place.
 D = Time resting spent in this place.
 E = Time spent auto-exploring this place.
 F = Levels seen in this place.
 G = Mean time per level.
                   A        B        C        D        E       F      G
               +--------+--------+--------+--------+--------+-----+--------+
         Total |   3813 |   3632 |    181 |      0 |   3045 |   3 | 1271.0 |
       Dungeon |   3813 |   3632 |    181 |      0 |   3045 |   3 | 1271.0 |
               +--------+--------+--------+--------+--------+-----+--------+

Top non-repeatable levels by time:
     D:2: 1802 daAuts
     D:1: 1127 daAuts
     D:3: 883 daAuts
